 Dungeon Sprint DCSS version 0.26-a0-1026-g544776af23 (webtiles) character file.

Game seed: 13437241937347347434

3054 sahdkjhfkaj the Stormcaller (level 9, -1/45 HPs)
             Began as a Tengu Air Elementalist on Dec 9, 2020.
             Was a High Priest of Sif Muna.
             Slain by a seven-headed hydra (3 damage)
             ... in the Dungeon (Sprint IX: "|||||||||||||||||||||||||||||").
             The game lasted 00:02:07 (1761 turns).

sahdkjhfkaj the Stormcaller (TeAE)                  Turns: 1761, Time: 00:02:07

Health: -1/45      AC:  3    Str:  9    XL:     9   Next: 87%
Magic:  14/23      EV: 15    Int: 22    God:    Sif Muna [*****.]
Gold:   0          SH:  0    Dex: 17    Spells: 20/26 levels left

rFire    . . .     SeeInvis .   k - +2 scimitar (holy)
rCold    . . .     Faith    .   (no shield)
rNeg     . . .     Spirit   .   a - +0 robe
rPois    .         Reflect  .   (helmet restricted)
rElec    .         Harm     .   l - +0 cloak
rCorr    .         Rampage  .   (no gloves)
Will     .....     NoTele   +   (boots unavailable)
Stlth    ++........             (no amulet)
HPRegen  0.15/turn              m - +3 ring of dexterity
MPRegen  0.18/turn              t - +3 ring of intelligence

@: flying quickly and evasively, quick
A: beak, talons 3, able to fly
a: Stop Flying, Channel Magic, Forget Spell, Divine Exegesis, Renounce Religion


You were in the Dungeon.
You worshipped Sif Muna.
Sif Muna was extremely pleased with you.
You visited 1 branch

Inventory:

Hand Weapons
 k - a +2 scimitar of holy wrath (weapon)
Armour
 a - a +0 robe (worn)
 l - a +0 cloak (worn)
Jewellery
 m - a +3 ring of dexterity (left hand)
 t - a +3 ring of intelligence (right hand)
Wands
 j - a wand of iceblast (10) {@v4}
Scrolls
 g - 3 scrolls of remove curse {@r2}
 h - 4 scrolls of blinking {@r4}
 i - 2 scrolls of amnesia
 o - 2 scrolls of fog
 p - a scroll of immolation
 q - 2 scrolls of fear
Potions
 b - a potion of invisibility
 c - 2 potions of curing {@q1}
 d - 7 potions of heal wounds {@q2}
 e - a potion of berserk rage
 f - 4 potions of magic
 n - a potion of might {@q4}


   Skills:
 - Level 2.1 Dodging
 - Level 2.0 Stealth
 + Level 9.4 Spellcasting
 * Level 17.3 Conjurations
 * Level 17.3 Air Magic


You had 20 spell levels left.
You knew the following spells:

 Your Spells              Type           Power        Failure   Level
a - Shock                 Conj/Air       ####         0%          1
w - Lightning Bolt        Conj/Air       ######....   1%          5

Your spell library contained the following spells:

 Spells                   Type           Power        Failure   Level
 Swiftness                Air            ######..     0%          2
 Static Discharge         Conj/Air       ######..     0%          3
 Airstrike                Air            ######....   1%          4
 Iskenderun's Battlesphe  Conj           ######..     1%          5
 Orb of Destruction       Conj           ######....   4%          7
 Bolt of Magma            Conj/Fire/Erth #####.....   17%         5
 Iron Shot                Conj/Erth      #####.....   28%         6
 Spellforged Servitor     Conj/Summ      #####.....   83%         7


Dungeon Overview and Level Annotations

Branches:
Dungeon (1/1)

Altars:
Cheibriados
Dithmenos
Elyvilon
Fedhas
Gozag
Hepliaklqana
Kikubaaqudgha
Makhleb
Nemelex Xobeh
Okawaru
Qazlal
Ru
Sif Muna
Trog
Uskayaw
Vehumet
Wu Jian
Xom
Yredelemnul
Zin
The Shining One
Beogh
Jiyva
Lugonu


Innate Abilities, Weirdness & Mutations

You have a beak for a mouth.
You have claws for feet.
You can fly continuously.


Message History

The bolt of lightning hits the water moccasin!
The water moccasin is moderately wounded.
Your Conjurations skill increases to level 17!
Your Air Magic skill increases to level 17!
You see here 32 arrows.
Casting: Lightning Bolt (safe; 1% risk of failure)
Confirm with . or Enter, or press ? or * to list all spells.
Aiming: Lightning Bolt (safe; 1% risk of failure)
Press: ? - help, Shift-Dir - straight line, f/p - seven-headed hydra
Aim: a seven-headed hydra (lightly wounded, 12% to evade)
You hear a mighty clap of thunder!
The bolt of lightning hits the seven-headed hydra!
The seven-headed hydra is moderately wounded.
The bolt of lightning misses the water moccasin.
The seven-headed hydra bites you! x2; The seven-headed hydra bites you.
The seven-headed hydra barely misses you.
The seven-headed hydra bites you!
* * * LOW HITPOINT WARNING * * *
The seven-headed hydra bites you.
You die...

▓.▓.▓_▓
▓Y▓.▓_▓
▓.▓.▓_▓
▓.▓.▓_▓
▓.▓.▓'▓
▓.▓.▓.▓
▓S▓.▓.▓
▓D▓.▓.▓
▓@▓.▓.▓
▓.▓.▓)▓
▓.▓.▓)▓
▓.▓.▓(▓
▓.▓.▓.▓
▓'▓.▓.▓
▓.▓.▓.▓
▓.▓.▓)▓
▓.▓.▓'▓


You could see a seven-headed hydra, an elephant and a water moccasin.

Vanquished Creatures
  2 cane toads (D)
  A black mamba (D)
  A komodo dragon (D)
  2 trolls (D)
  2 yaks (D)
  2 basilisks (D)
  3 water moccasins (D)
  A black bear (D)
  A centaur (D)
  A wolf (D)
  An ogre (D)
  A bullfrog (D)
  A killer bee (D)
  A wight (D)
  2 howler monkeys (D)
  An iguana (D)
  An ufetubus (D)
  An adder zombie (D)
  An adder skeleton (D)
  A ball python (D)
  A goblin (D)
  2 hobgoblins (D)
  A jackal (D)
  2 kobolds (D)
33 creatures vanquished.

Notes
Turn   | Place    | Note
-------+----------+-------------------------------------------
     0 | D        | sahdkjhfkaj the Tengu Air Elementalist began the quest for
                  | the Orb.
     0 | D        | Reached XP level 1. HP: 10/10 MP: 4/4
   100 | D        | Noticed a centaur
   100 | D        | Noticed an ogre
   105 | D        | Killed an ogre
   106 | D        | Reached XP level 2. HP: 4/15 MP: 3/7
   106 | D        | Reached XP level 3. HP: 6/19 MP: 3/9
   106 | D        | Reached XP level 4. HP: 7/24 MP: 3/10
   108 | D        | Killed a centaur
   109 | D        | Gained mutation: You can fly continuously. [Tengu growth]
   109 | D        | Reached XP level 5. HP: 9/28 MP: 3/12
   452 | D        | Learned a level 5 spell: Lightning Bolt
   468 | D        | Found a roughly hewn altar of Beogh.
   468 | D        | Found a snail-covered altar of Cheibriados.
   468 | D        | Found a shadowy altar of Dithmenos.
   468 | D        | Found a white marble altar of Elyvilon.
   468 | D        | Found a blossoming altar of Fedhas.
   468 | D        | Found an opulent altar of Gozag.
   469 | D        | Found a hazy altar of Hepliaklqana.
   470 | D        | Found a viscous altar of Jiyva.
   471 | D        | Found an ancient bone altar of Kikubaaqudgha.
   472 | D        | Found a corrupted altar of Lugonu.
   473 | D        | Found a burning altar of Makhleb.
   474 | D        | Found a sparkling altar of Nemelex Xobeh.
   475 | D        | Found an iron altar of Okawaru.
   476 | D        | Found a stormy altar of Qazlal.
   477 | D        | Found a sacrificial altar of Ru.
   480 | D        | Found a shimmering blue altar of Sif Muna.
   481 | D        | Found a bloodstained altar of Trog.
   482 | D        | Found a hide-covered altar of Uskayaw.
   483 | D        | Found a radiant altar of Vehumet.
   484 | D        | Found an ornate altar of the Wu Jian Council.
   485 | D        | Found a shimmering altar of Xom.
   486 | D        | Found a basalt altar of Yredelemnul.
   487 | D        | Found a glowing silver altar of Zin.
   488 | D        | Became a worshipper of Sif Muna the Loreminder
   491 | D        | Found a glowing golden altar of the Shining One.
   525 | D        | Noticed a water moccasin
   527 | D        | Reached * piety under Sif Muna
   528 | D        | Reached skill level 5 in Spellcasting
   528 | D        | Reached skill level 10 in Conjurations
   528 | D        | Reached skill level 10 in Air Magic
   528 | D        | Reached XP level 6. HP: 32/32 MP: 2/15
   805 | D        | Killed a water moccasin
   805 | D        | Reached ** piety under Sif Muna
  1163 | D        | Noticed a troll
  1163 | D        | Noticed a black bear
  1163 | D        | Noticed a troll
  1165 | D        | Reached XP level 7. HP: 36/36 MP: 11/17
  1171 | D        | Killed a troll
  1273 | D        | Reached *** piety under Sif Muna
  1274 | D        | Killed a troll
  1275 | D        | Reached XP level 8. HP: 41/41 MP: 8/20
  1461 | D        | Noticed a cane toad
  1461 | D        | Noticed a yak
  1461 | D        | Noticed a komodo dragon
  1461 | D        | Noticed a yak
  1463 | D        | Killed a yak
  1463 | D        | Reached **** piety under Sif Muna
  1464 | D        | Killed a komodo dragon
  1464 | D        | Killed a yak
  1464 | D        | Noticed a black mamba
  1465 | D        | Reached skill level 15 in Conjurations
  1465 | D        | Reached skill level 15 in Air Magic
  1465 | D        | Reached XP level 9. HP: 45/45 MP: 5/22
  1587 | D        | Killed a black mamba
  1588 | D        | Killed a cane toad
  1588 | D        | Reached ***** piety under Sif Muna
  1677 | D        | Received a gift from Sif Muna
  1741 | D        | Noticed an elephant
  1741 | D        | Noticed a cane toad
  1741 | D        | Noticed a seven-headed hydra
  1752 | D        | Killed a cane toad
  1761 | D        | HP: 2/45 [seven-headed hydra (13)]
  1761 | D        | Slain by a seven-headed hydra

Illustrated notes

Levels and vault maps discovered:
D:        linesprint [early_d, line_temple, items_1, d_10, items_2, lair_1,
          lair_end, items_3, orc_1, orc_end, items_4, d_15, swamp_1, shoals_1,
          snake_1, spider_1, d_20, vaults_1, items_5, swamp_end, shoals_end,
          snake_end, spider_end, vaults_end, d_27, items_6, zot_1, zot_end,
          crypt_end, forest_end, elf_end, slime_end, tomb_end, abyss_end,
          pan_hell_end]

Skill      XL: |  1  2  3  4  5  6  7  8  9 |
---------------+----------------------------+-----
Conjurations   | 7 9 10 12 14 15 17 | 17.3
Spellcasting   | 3 4 5 6 7 8 9 |  9.4
Air Magic      | 7 9 10 12 14 15 17 | 17.3
Dodging        | |  2.1
Stealth        | |  2.0

Action                   |  1- 3 |  4- 6 |  7- 9 || total
-------------------------+-------+-------+-------++-------
Melee: Unarmed           |     7 |     5 |       ||    12
       Kick              |     1 |     5 |       ||     6
       Peck              |     1 |     5 |       ||     6
       Scimitar          |       |     9 |       ||     9
 Cast: Shock             |     4 |     1 |       ||     5
       Lightning Bolt    |       |     5 |    15 ||    20
 Abil: Fly               |       |     1 |       ||     1
  Use: Potion            |     1 |     5 |       ||     6
Armor: Robe              |       |     2 |       ||     2
Dodge: Dodged            |     4 |    20 |     1 ||    25
       Rpst.: Scimitar   |       |     4 |       ||     4

Table legend: (Time is in decaauts)
 A = Elapsed time spent in this place.
 B = Non-inter-level travel time spent in this place.
 C = Inter-level travel time spent in this place.
 D = Time resting spent in this place.
 E = Time spent auto-exploring this place.
 F = Levels seen in this place.
 G = Mean time per level.
                   A        B        C        D        E       F      G
               +--------+--------+--------+--------+--------+-----+--------+
         Total |   1722 |   1722 |      0 |   1248 |    275 |   1 | 1722.0 |
       Dungeon |   1722 |   1722 |      0 |   1248 |    275 |   1 | 1722.0 |
               +--------+--------+--------+--------+--------+-----+--------+

Top non-repeatable levels by time:
       D: 1722 daAuts
